AoeStats
← Noobieski

Arena

510525912Analyzed
4v4 RM · 1d ago on Oct 1, 2026· 47m 2s· 8 players
Game mode
Random Map
Map size
Large (8 player)
Population
200
Speed
Normal
Resources
Standard
Victory
Conquest
Starting age
Dark Age
Ending age
Imperial Age
RankedLock teamsTeams togetherTeam positionsShared explorationLock speedFull tech treeHidden civsTurbo modeCheats
Victory
Defeat
🇦🇺 Britons · Australia
1357
+14
🇮🇳 Saxons · India
1286
+17
🇳🇴 Persians · Norway
1282
+17
🇩🇪 Lithuanians · Germany
1234
+18
🇨🇳 Poles · China
1342
-18
🇨🇳 Danes · China
1299
-16
🇭🇰 Portuguese · Hong Kong SAR China
1298
-16
🇨🇳 Magyars · China
1289
-16
Noobieski
6:30 Loom
10:21 Feudal Age
11:18 Double-Bit Axe
16:10 Castle Age
14:14 Horse Collar
23:09 Wheelbarrow
24:23 Gold Mining
24:53 Heavy Plow
27:01 Bow Saw
30:49 Imperial Age
28:13 Town Watch
28:34 Corvinian Army
28:41 Scale Barding Armor
29:21 Bloodlines
29:14 Husbandry
29:10 Stone Mining
31:57 Chain Barding Armor
32:05 Elite Magyar Huszar
33:26 Plate Barding Armor
32:25 Capped Ram
34:59 Crop Rotation
36:20 Hand Cart
37:24 Ballistics
37:20 Heavy Scorpion
40:46 Chemistry
41:11 Murder Holes
42:29 Pikeman
43:13 Scale Mail Armor
43:33 Halberdier
44:23 Fletching
放羊老汉
9:31 Loom
11:41 Feudal Age
15:20 Castle Age
13:16 Stone Mining
13:44 Double-Bit Axe
14:02 Horse Collar
17:02 Bow Saw
21:52 Heavy Plow
26:05 Wheelbarrow
25:16 Town Watch
26:51 Gold Mining
31:20 Imperial Age
29:14 Hand Cart
29:48 Ballistics
33:01 Chemistry
32:43 Conscription
32:25 Arquebus
35:04 Pikeman
43:16 Halberdier
45:13 Two-Man Saw
44:38 Forging
44:28 Scale Mail Armor
Revenant
10:38 Feudal Age
14:44 Castle Age
13:57 Double-Bit Axe
14:27 Horse Collar
16:24 Bow Saw
21:49 Wheelbarrow
21:47 Stone Mining
22:07 Heavy Plow
23:24 Stone Shaft Mining
22:40 Gold Mining
24:33 Hand Cart
25:51 Loom
28:58 Imperial Age
27:59 Scale Barding Armor
28:05 Forging
29:40 Chain Barding Armor
29:55 Iron Casting
29:30 Szlachta Privileges
29:13 Cavalier
29:54 Husbandry
30:04 Bloodlines
29:47 Treadmill Crane
30:17 Masonry
30:41 Capped Ram
31:50 Conscription
31:25 Siege Ram
34:48 Blast Furnace
37:50 Pikeman
38:30 Squires
38:16 Arson
39:28 Hoardings
39:44 Ballistics
39:17 Fletching
39:27 Scale Mail Armor
40:55 Chain Mail Armor
40:31 Fletching
40:30 Arrowslits
42:53 Plate Mail Armor
43:21 Crop Rotation
43:11 Light Cavalry
44:18 Bodkin Arrow
44:24 Murder Holes
44:35 Siege Engineers
44:44 Fortified Wall
44:10 Winged Hussar
47:00 Lechitic Legacy
Talent
9:39 Feudal Age
13:40 Castle Age
12:05 Loom
12:30 Gold Mining
28:33 Gold Shaft Mining
34:33 Imperial Age
33:01 Double-Bit Axe
33:01 Horse Collar
34:04 Bow Saw
35:36 Conscription
34:56 Pikeman
35:36 Squires
36:09 Halberdier
38:39 Squires
Noob
9:36 Feudal Age
10:25 Feudal Age
11:35 Loom
14:04 Castle Age
13:07 Double-Bit Axe
13:04 Horse Collar
22:53 Bow Saw
22:54 Heavy Plow
29:34 Imperial Age
27:47 Wheelbarrow
27:47 Bloodlines
27:48 Scale Barding Armor
28:43 Hand Cart
28:45 Gold Mining
28:47 Stone Mining
29:19 Chain Barding Armor
29:51 Husbandry
29:13 Cavalier
31:03 Plate Barding Armor
30:39 Forging
31:18 Conscription
30:40 Savar
35:09 Citadels
35:45 Iron Casting
38:07 Blast Furnace
43:28 Chemistry
42:48 Ballistics
43:55 Fletching
45:48 Bodkin Arrow
46:40 Gold Shaft Mining
Greiffović
4:44 Loom
10:36 Feudal Age
14:56 Castle Age
12:55 Double-Bit Axe
12:57 Horse Collar
14:03 Scale Barding Armor
18:01 Fervor
18:26 Bow Saw
19:36 Wheelbarrow
20:05 Heavy Plow
27:11 Forging
28:08 Hand Cart
32:30 Imperial Age
30:04 Stone Mining
30:07 Gold Mining
31:28 Stone Shaft Mining
31:09 Fortified Wall
31:16 Husbandry
31:26 Bloodlines
31:21 Town Watch
31:58 Chain Barding Armor
32:30 Town Patrol
33:25 Iron Casting
32:32 Cavalier
33:49 Plate Barding Armor
33:48 Crop Rotation
34:48 Two-Man Saw
33:45 Murder Holes
34:50 Chemistry
33:53 Paladin
36:18 Conscription
36:34 Hoardings
36:00 Hill Forts
38:08 Scale Mail Armor
37:58 Fletching
38:08 Padded Archer Armor
38:14 Tower Shields
42:37 Leather Archer Armor
42:18 Bodkin Arrow
42:38 Chain Mail Armor
john_weak
10:28 Feudal Age
11:48 Double-Bit Axe
14:08 Castle Age
12:31 Horse Collar
15:38 Heavy Plow
18:22 Bow Saw
19:37 Gold Mining
21:46 Wheelbarrow
24:44 Stone Mining
27:35 Hand Cart
29:58 Imperial Age
27:53 Fletching
28:04 Padded Archer Armor
28:28 Ballistics
28:27 Loom
28:40 Loom
28:33 Crossbowman
30:52 Bodkin Arrow
31:08 Thumb Ring
30:26 Arbalester
31:40 Leather Archer Armor
31:54 Conscription
31:26 Capped Ram
32:26 Bracer
33:33 Siege Engineers
35:00 Siege Ram
35:57 Town Watch
36:38 Pikeman
37:18 Elite Varangian Guard
38:29 Scale Mail Armor
38:41 Forging
39:02 Ring Archer Armor
40:21 Crop Rotation
40:53 Two-Man Saw
40:30 Gold Shaft Mining
39:29 Shield Wall
40:33 Squires
42:54 Gambesons
46:44 Chemistry
46:01 Chain Mail Armor
46:23 Iron Casting
46:25 Arson
ZombieRabbit
4:32 Loom
10:06 Feudal Age
11:02 Loom
14:04 Castle Age
12:06 Double-Bit Axe
12:11 Horse Collar
19:52 Fletching
23:38 Bodkin Arrow
26:10 Ballistics
32:34 Imperial Age
30:41 Wheelbarrow
30:31 Bow Saw
33:20 Bracer
34:22 Chemistry
33:50 Conscription
34:24 Elite Longbowman
36:11 Padded Archer Armor
37:39 Leather Archer Armor
37:50 Yeomen
40:31 Two-Man Saw
39:33 Heavy Plow
40:07 Hand Cart
39:38 Town Watch
42:41 Capped Ram
44:36 Siege Engineers
45:23 Gold Mining
45:24 Stone Mining
Connection lost

Rejoining the realm…

Still unreachable

The connection could not be restored.

Session expired

The server has moved on; the page needs a fresh start.